 Dungeon Crawl Stone Soup version 0.32-a0-918-g0f22ef8d61 (webtiles) character file.

Game seed: 18238282727569343716

126 Ijustatesigmund the Conjurer (level 5, -4/37 HPs)
             Began as a Gnoll Conjurer on Apr 11, 2024.
             Slain by Sigmund
             ... wielding a +0 scythe
              (10 damage)
             ... on level 3 of the Dungeon.
             The game lasted 00:02:34 (1573 turns).

Ijustatesigmund the Conjurer (Gnoll Conjurer)       Turns: 1573, Time: 00:02:35

Health: -4/37      AC:  3    Str:  6    XL:     5   Next: 9%
Magic:  8/12       EV: 12    Int: 20    God:
Gold:   32         SH:  0    Dex: 10    Spells: 11/14 levels left

rFire   . . .        j - +4 dagger (venom)
rCold   . . .        (no shield)
rNeg    . . .        a - +1 robe
rPois   .            (no helmet)
rElec   .            (no cloak)
rCorr   .            (no gloves)
SInv    .            (no boots)
Will    .....        (no amulet)
Stlth   ++           (no ring)
HPRegen 0.26/turn    (no ring)
MPRegen 0.13/turn

%: no passive effects
@: mighty
A: fangs 1, strong nose, distributed training
a: no special abilities


You were on level 3 of the Dungeon.
You visited 1 branch of the dungeon, and saw 3 of its levels.

You collected 32 gold pieces.

Inventory:

Hand Weapons
 j - a +4 dagger of venom (weapon)
Armour
 a - a +1 robe (worn)
Jewellery
 l - an amulet of faith
Scrolls
 c - a scroll of vulnerability {unknown}
 f - a scroll of enchant armour
 g - a scroll of torment {unknown}
 k - a scroll of fear {unknown}
Potions
 b - a potion of magic
 h - 2 potions of brilliance
 i - 3 potions of attraction


   Skills:
 + Level 1.4 Fighting
 + Level 1.4 Short Blades
 + Level 1.4 Long Blades
 + Level 1.4 Axes
 + Level 1.4 Maces & Flails
 + Level 1.4 Polearms
 + Level 1.4 Staves
 + Level 1.4 Ranged Weapons
 + Level 1.4 Throwing
 + Level 1.4 Armour
 + Level 4.7 Dodging
 + Level 4.4 Stealth
 + Level 1.4 Shields
 + Level 1.4 Unarmed Combat
 + Level 5.2 Spellcasting
 + Level 7.2 Conjurations
 + Level 1.1 Hexes
 + Level 1.1 Summonings
 + Level 1.1 Necromancy
 + Level 1.1 Translocations
 + Level 1.1 Fire Magic
 + Level 1.1 Ice Magic
 + Level 1.1 Air Magic
 + Level 1.1 Earth Magic
 + Level 1.1 Alchemy
 + Level 1.6 Invocations
 + Level 1.4 Evocations
 + Level 1.3 Shapeshifting


You had 11 spell levels left.
You knew the following spells:

 Your Spells              Type           Power      Damage    Failure   Level
a - Magic Dart            Conj           100%       1d8       1%          1
b - Searing Ray           Conj           68%        2d6       1%          2

Your spell library contained the following spells:

 Spells                   Type           Power      Damage    Failure   Level
 Fulminant Prism          Conj/Alch      10%        3d8       21%         4
 Iskenderun's Mystic Bla Conj/Tloc 21%            2d6        (+2d3     21%         4


Dungeon Overview and Level Annotations

Branches:
Dungeon (3/15)

Altars:

Annotations:
D:3 Sigmund


Innate Abilities, Weirdness & Mutations

You have very sharp teeth.
Your uncanny sense of smell can sniff out nearby items.
Your experience applies equally to all skills.


Message History

Sigmund shouts!
A goblin comes into view. It is wielding a +0 club.
You see here a +0 robe.
Sigmund casts a spell at you. The magic dart hits you.
Sigmund hits you with a +0 scythe.
You hit Sigmund but do no damage. Sigmund completely misses you.
You closely miss Sigmund. You closely miss Sigmund. Sigmund closely misses you.
You closely miss Sigmund. You barely miss Sigmund.
Sigmund hits you with a +0 scythe!
You hit Sigmund but do no damage.
Sigmund is poisoned.
Sigmund hits you with a +0 scythe.
You feel very mighty all of a sudden.
You hit Sigmund.
Sigmund looks as sick as possible!
Sigmund is lightly wounded.
Sigmund screams, "Don't try to resist!"
Sigmund casts a spell at you. The magic dart hits you!
* * * LOW HITPOINT WARNING * * *
Okay, then.
Casting: Searing Ray (safe; 1% risk of failure)
Confirm with . or Enter, or press ? or * to list all spells.
Okay, then.
Casting: Searing Ray (safe; 1% risk of failure)
Confirm with . or Enter, or press ? or * to list all spells.
Aiming: Searing Ray (safe; 1% risk of failure)
Press: ? - help, Shift-Dir - straight line, f - Sigmund
Aim: Sigmund, wielding a +0 scythe and wearing a +0 robe (lightly wounded, extremely poisoned, 78% to hit)
The searing ray hits Sigmund.
Sigmund is lightly wounded. (Press . to maintain the ray.) Sigmund barely misses you.
The searing ray hits Sigmund.
Sigmund is moderately wounded.
The searing ray hits Sigmund.
Sigmund is heavily wounded.
Sigmund hits you with a +0 scythe!
You die...
Sigmund begins carving another notch in his scythe.

#.#.# #### #.#.# ##.. ∆
∆ #.#.# #>.# ∆ #.#.#
#..## #.#.# #...###
#.#.# #.....#####.
#.#.###...........
#........#.##########.#
#.######....[.@@......#∆
#.# ###.############
#..........?......
#####..........###
#..@.!.....#
#........$.#
#............
#g.........#.o
#..........###


You could see Sigmund (extremely poisoned).

Vanquished Creatures
  Terence (D:2)
  Jessica (D:2)
  3 adders
  3 dart slugs
  A ribbon worm (D:2)
  An endoplasm (D:1)
  3 giant cockroaches
  4 hobgoblins
  3 jackals (D:2)
  2 kobolds (D:2)
  2 quokkas
  2 ball pythons
  6 bats
  2 frilled lizards
  3 goblins
  3 rats
40 creatures vanquished.

Notes
Turn   | Place    | Note
-------+----------+-------------------------------------------
     0 | D:1      | Ijustatesigmund the Gnoll Conjurer began the quest for the
                  | Orb.
     0 | D:1      | Reached XP level 1. HP: 13/13 MP: 6/6
    98 | D:1      | Reached XP level 2. HP: 19/19 MP: 2/7
   101 | D:1      | Learned a level 2 spell: Searing Ray
   654 | D:2      | Noticed Terence
   661 | D:2      | Killed Terence
   662 | D:2      | Reached skill level 1 in Fighting
   662 | D:2      | Reached skill level 1 in Short Blades
   662 | D:2      | Reached skill level 1 in Long Blades
   662 | D:2      | Reached skill level 1 in Axes
   662 | D:2      | Reached skill level 1 in Maces & Flails
   662 | D:2      | Reached skill level 1 in Polearms
   662 | D:2      | Reached skill level 1 in Staves
   662 | D:2      | Reached skill level 1 in Ranged Weapons
   662 | D:2      | Reached skill level 1 in Throwing
   662 | D:2      | Reached skill level 1 in Armour
   662 | D:2      | Reached skill level 1 in Shields
   662 | D:2      | Reached skill level 1 in Unarmed Combat
   662 | D:2      | Reached skill level 5 in Spellcasting
   662 | D:2      | Reached skill level 1 in Invocations
   662 | D:2      | Reached skill level 1 in Evocations
   662 | D:2      | Reached XP level 3. HP: 16/26 MP: 1/9
   763 | D:2      | Reached skill level 1 in Shapeshifting
   763 | D:2      | Reached XP level 4. HP: 32/32 MP: 7/11
   997 | D:2      | Noticed Jessica
  1000 | D:2      | Killed Jessica
  1001 | D:2      | Reached skill level 1 in Hexes
  1001 | D:2      | Reached skill level 1 in Summonings
  1001 | D:2      | Reached skill level 1 in Necromancy
  1001 | D:2      | Reached skill level 1 in Translocations
  1001 | D:2      | Reached skill level 1 in Fire Magic
  1001 | D:2      | Reached skill level 1 in Ice Magic
  1001 | D:2      | Reached skill level 1 in Air Magic
  1001 | D:2      | Reached skill level 1 in Earth Magic
  1001 | D:2      | Reached skill level 1 in Alchemy
  1259 | D:2      | Reached XP level 5. HP: 28/37 MP: 12/12
  1550 | D:3      | Noticed Sigmund
  1573 | D:3      | Slain by Sigmund

Illustrated notes

Levels and vault maps discovered:
D:1:      sevenhm_arrival_forest_fort_small_6, layout_rooms
D:2:      layout_basic, uniq_terence, uniq_jessica
D:3:      layout_basic, uniq_sigmund

Skill      XL: |  1  2  3  4 |
---------------+-------------+-----
Fighting       | 1 |  1.4
Short Blades   | 1 |  1.4
Long Blades    | 1 |  1.4
Axes           | 1 |  1.4
Maces & Flails | 1 |  1.4
Polearms       | 1 |  1.4
Staves         | 1 |  1.4
Ranged Weapons | 1 |  1.4
Throwing       | 1 |  1.4
Armour         | 1 |  1.4
Shields        | 1 |  1.4
Unarmed Combat | 1 |  1.4
Spellcasting   | 5 |  5.2
Invocations    | 1 |  1.6
Evocations     | 1 |  1.4
Shapeshifting  | 1 |  1.3
Hexes          | 1 |  1.1
Summonings     | 1 |  1.1
Necromancy     | 1 |  1.1
Translocations | 1 |  1.1
Fire Magic     | 1 |  1.1
Ice Magic      | 1 |  1.1
Air Magic      | 1 |  1.1
Earth Magic    | 1 |  1.1
Alchemy        | 1 |  1.1
Dodging        | |  4.7
Stealth        | |  4.4
Conjurations   | |  7.2

Action                     |  1- 3 |  4- 6 || total
---------------------------+-------+-------++-------
  Melee: Dagger            |       |    37 ||    37
         Mace              |       |     7 ||     7
         Bite              |       |     2 ||     2
   Cast: Magic Dart        |    32 |     9 ||    41
         Searing Ray       |     1 |     2 ||     3
    Use: Scroll            |       |     4 ||     4
         Potion            |       |     1 ||     1
   Stab: Sleeping          |       |     3 ||     3
 Armour: Robe              |     1 |    26 ||    27
  Dodge: Dodged            |     1 |    23 ||    24

Table legend: (Time is in decaauts)
 A = Elapsed time spent in this place.
 B = Non-inter-level travel time spent in this place.
 C = Inter-level travel time spent in this place.
 D = Time resting spent in this place.
 E = Time spent auto-exploring this place.
 F = Levels seen in this place.
 G = Mean time per level.
                   A        B        C        D        E       F      G
               +--------+--------+--------+--------+--------+-----+--------+
         Total |   1571 |   1530 |     41 |      0 |   1302 |   3 |  523.7 |
       Dungeon |   1571 |   1530 |     41 |      0 |   1302 |   3 |  523.7 |
               +--------+--------+--------+--------+--------+-----+--------+

Top non-repeatable levels by time:
     D:2: 977 daAuts
     D:1: 531 daAuts
     D:3: 62 daAuts
